 Dungeon Crawl Stone Soup version 0.30-a0-719-gcc4359ea44 (webtiles) character file.

Game seed: 54863950580550420

1298 M4edhros the Insei (level 8, -10/54 HPs)
             Began as an Octopode Transmuter on Jan 26, 2023.
             Was an Initiate of Cheibriados.
             Mangled by a gnoll bouda
             ... wielding a +3 hand axe
              (11 damage)
             ... on level 6 of the Dungeon.
             The game lasted 00:05:47 (4124 turns).

M4edhros the Insei (Octopode Transmuter)            Turns: 4124, Time: 00:05:49

Health: -10/54     AC:  1    Str: 10    XL:     8   Next: 56%
Magic:  11/11      EV: 15    Int: 16    God:    Cheibriados [......]
Gold:   325        SH:  0    Dex: 16    Spells: 6/11 levels left

rFire   . . .      SeeInvis .      - Unarmed
rCold   . . .      Faith    .    (no shield)
rNeg    . . .      Spirit   .    (helmet restricted)
rPois   .          Reflect  .    (no amulet)
rElec   .          Harm     .    (no ring)
rCorr   .          Rampage  .    (no ring)
Will    .....                    (no ring)
Stlth   ++                       (no ring)
HPRegen 0.29/turn                (no ring)
MPRegen 0.12/turn                (no ring)
                                 (no ring)
                                 (no ring)

@: lethally poisoned (-10 -> -14), very slow
A: almost no armour, amphibious, 8 rings, camouflage 1, gelatinous body 1,
(nimble swimmer 1), tentacles
a: Renounce Religion


You were on level 6 of the Dungeon.
You worshipped Cheibriados.
Cheibriados was noncommittal.
You visited 2 branches of the dungeon, and saw 7 of its levels.
You also visited: Sewer.

You collected 325 gold pieces.

Inventory:

Hand Weapons
 p - a +5 flail of venom
Missiles
 h - a curare-tipped dart
Wands
 a - a wand of acid (4)
Scrolls
 c - 2 scrolls of poison {unknown}
 e - 2 scrolls of vulnerability {unknown}
 f - 2 scrolls of blinking {unknown}
 g - 4 scrolls of noise {unknown}
 k - 9 scrolls of identify {unknown}
 l - a scroll of enchant weapon {unknown}
 m - 4 scrolls of teleportation {unknown}
 o - 2 scrolls of magic mapping {unknown}
 q - a scroll of immolation {unknown}
 r - a scroll of fog {unknown}
 s - a scroll of butterflies {unknown}
 t - 2 scrolls of enchant armour {unknown}
 v - a scroll of amnesia {unknown}
Potions
 b - a potion of curing
 d - 3 potions of mutation {unknown}
 i - a potion of resistance {unknown}
 j - 5 potions of heal wounds {unknown}
 n - 2 potions of flight {unknown}
 u - a potion of attraction {unknown}


   Skills:
 + Level 4.7 Fighting
 + Level 5.0 Dodging
 * Level 7.3 Unarmed Combat
 - Level 2.0 Spellcasting
 * Level 2.2 Transmutations
 - Level 3.1 Ice Magic


You had 6 spell levels left.
You knew the following spells:

 Your Spells              Type           Power      Damage    Failure   Level
a - Beastly Appendage     Tmut           16%        N/A       9%          1
b - Ice Form              Ice/Tmut       10%        N/A       56%         4

Your spell library contained the following spells:

 Spells                   Type           Power      Damage    Failure   Level
 Freeze                   Ice            44%        1d6       6%          1
 Wereblood                Tmut           8%         N/A       13%         2
 Ensorcelled Hibernation  Hex/Ice        12%        N/A       17%         2
 Frozen Ramparts          Ice            22%        1d4       17%         3
 Hailstorm                Conj/Ice       6%         3d4       32%         3
 Spider Form              Tmut/Pois      5%         N/A       36%         3
 Petrify                  Tmut/Erth      5%         N/A       78%         4
 Anguish                  Hex/Necr       0%         N/A       90%         4
 Metabolic Englaciation   Hex/Ice        3%         N/A       97%         5
 Statue Form              Tmut/Erth      3%         N/A       100%        6


Dungeon Overview and Level Annotations

Branches:
Dungeon (6/15)             Temple (1/1) D:6           Sewer (visited)

Altars:
Ashenzari
Cheibriados
Dithmenos
Elyvilon
Fedhas
Gozag
Hepliaklqana
Makhleb
Nemelex Xobeh
Okawaru
Qazlal
Ru
Sif Muna
Trog
Uskayaw
Vehumet
Wu Jian
The Shining One

Annotations:
D:3 Natasha
D:6 2 runed translucent doors, TimeIsEndless's ghost, novice FoFi


Innate Abilities, Weirdness & Mutations

You cannot wear most types of armour.
You are amphibious.
You can wear up to eight rings at the same time.
Your skin changes colour to match your surroundings (Stealth+).
Your rubbery body absorbs attacks. (AC +1, EV +1)
((You are camouflaged when in or above water. (Stealth+)))
You have tentacles for arms and can constrict up to eight enemies at once.


Message History

A kobold comes into view. It is wielding a +0 short sword.
The gnoll shouts!
The kobold shouts!
You tentacle-slap the kobold. You grab the kobold.
The kobold is moderately wounded.
You constrict the kobold.
The gnoll bouda barks out a call to the hunt!
The gnolls pick up the pace!
The kobold hits you with a +0 dagger.
A hound comes into view.
You hear a shout!
You tentacle-slap the kobold.
You kill the kobold!
Cheibriados appreciates the change of pace.
You feel sick.
The kobold brigand throws a poisoned dart.
The poisoned dart hits you!
You are more poisoned.
The iguana bites you! The kobold barely misses you.
The gnoll shoots an arrow.
The arrow closely misses you.
A gnoll comes into view. It is wielding a +0 whip.
You tentacle-slap the iguana. Your grab misses the iguana.
Your squeeze misses the iguana.
The iguana is lightly wounded.
You feel sick. The kobold misses you. The iguana misses you.
The gnoll completely misses you.
Okay, then.
Okay, then.
Okay, then.
The iguana attacks as you move away! The iguana closely misses you.
The kobold attacks as you move away! The kobold barely misses you.
You feel sick.
The iguana hisses menacingly.
The gnoll bouda hits you with a +3 hand axe!
The iguana attacks as you move away! The iguana barely misses you.
Your attacks no longer feel as feeble.
You feel sick.
The gnoll hits you from afar with a +0 halberd!
* * * LOW HITPOINT WARNING * * *
The gnoll bouda hits you with a +3 hand axe!
You die...

#........# ........#
.......# ......##### .
.......... .. .........
...######........
......g.#@.../...
......gggK....... ####
#..g.ll...###### #...
.....hKKK..############...
.....KK...............'...
###.K.......##....#####...
#..........#....# ##...
........##+##....# #....
.........#WFr#....####'###


You could see a kobold brigand, a gnoll bouda (fast), 2 iguanas, a hound, 3
gnolls and 6 kobolds.

Vanquished Creatures
  Edmund (D:5)
  Pargi (Sewer)
  An ogre (D:6)
  A phantom (D:6)
  A kobold brigand (D:6)
  Blork the orc (D:4)
  A scorpion (D:6)
  4 wights (D:5)
  A howler monkey (D:6)
  An orc priest (D:5)
  3 hounds
  Natasha (twice) (D:3)
  An iguana (D:4)
  4 orc wizards
  Terence (D:2)
  8 adders
  A shadow imp (D:6)
  A white imp (D:5)
  A worm (D:3)
  2 dart slugs (D:1)
  12 orcs
  4 ball pythons
  7 endoplasms
  9 giant cockroaches
  3 goblins
  A hobgoblin (D:3)
  17 kobolds
  6 quokkas
  5 bats
  4 frilled lizards
  5 rats
110 creatures vanquished.

Notes
Turn   | Place    | Note
-------+----------+-------------------------------------------
     0 | D:1      | M4edhros the Octopode Transmuter began the quest for the
                  | Orb.
     0 | D:1      | Reached XP level 1. HP: 13/13 MP: 3/3
    85 | D:1      | Reached XP level 2. HP: 11/18 MP: 5/5
   460 | D:1      | Reached XP level 3. HP: 23/23 MP: 6/6
   728 | D:3      | Reached skill level 4 in Unarmed Combat
   728 | D:3      | Reached XP level 4. HP: 23/29 MP: 7/7
   728 | D:3      | Noticed Natasha
   883 | D:3      | Killed Natasha
   898 | D:3      | Noticed Natasha
   907 | D:3      | Killed Natasha
   908 | D:3      | Reached XP level 5. HP: 7/35 MP: 8/8
  1199 | D:4      | Noticed Blork the orc
  1206 | D:4      | Killed Blork the orc
  1207 | D:4      | Reached skill level 5 in Unarmed Combat
  1207 | D:4      | Reached XP level 6. HP: 26/42 MP: 9/9
  1535 | D:5      | Entered Level 5 of the Dungeon
  1567 | D:5      | Learned a level 4 spell: Ice Form
  1767 | D:5      | Reached skill level 1 in Ice Magic
  1767 | D:5      | Reached XP level 7. HP: 36/46 MP: 10/10
  1786 | D:5      | Reached skill level 6 in Unarmed Combat
  1987 | D:5      | Noticed Edmund
  1994 | D:5      | Killed Edmund
  2621 | D:6      | Reached XP level 8. HP: 40/54 MP: 11/11
  2853 | D:6      | Reached skill level 7 in Unarmed Combat
  2980 | D:6      | Found a glowing drain.
  2984 | Sewer    | Entered a sewer
  3041 | Sewer    | Noticed Pargi
  3048 | Sewer    | Killed Pargi
  3049 | Sewer    | Reached skill level 5 in Dodging
  3221 | D:6      | Found a runed translucent door.
  3222 | D:6      | Noticed TimeIsEndless's ghost (novice FoFi)
  3232 | D:6      | Found a staircase to the Ecumenical Temple.
  3266 | Temple   | Entered the Ecumenical Temple
  3273 | Temple   | Became a worshipper of Cheibriados the Contemplative
  3363 | D:3      | Noticed Natasha
  3494 | D:2      | Noticed Terence
  3500 | D:2      | Killed Terence
  3677 | D:2      | Noticed a great orb of eyes
  3680 | D:2      | Found a faded altar of an unknown god.
  3682 | D:2      | Noticed an eye of devastation
  3682 | D:2      | Noticed an eye of devastation
  4111 | D:6      | Found a runed translucent door.
  4124 | D:6      | HP: 1/54 [gnoll/+0 halberd[a gnoll bouda] (16)]
  4124 | D:6      | Mangled by a gnoll bouda

Illustrated notes

Levels and vault maps discovered:
D:1:      dpeg_arrival_rooms_with_view, layout_rooms, serial_glass,
          glass_columns_b, glass_columns_c, chequers_serial_rivers_room_b,
          kennysheep_boxes
D:2:      layout_basic, hellmonk_ecumenical_altar_watching_god,
          kennysheep_generic_room_11, uniq_terence
D:3:      layout_basic, mainiacjoe_overflow_alcove_2, uniq_natasha
D:4:      layout_gridville, uniq_blork_the_orc
D:5:      layout_basic, uniq_edmund
D:6:      layout_basic, minmay_temple_entry_glassed_door, ebering_ghost_sewer_f,
          gup_sewer_entry_spiral
Temple:   nicolae_temple_no_exploring_needed

Skill      XL: |  1  2  3  4  5  6  7  8 |
---------------+-------------------------+-----
Fighting       | 2 3 4 |  4.7
Unarmed Combat | 4 5 6 7 |  7.3
Dodging        | 3 4 5 |  5.0
Ice Magic      | 1 2 3 |  3.1
Spellcasting   | |  2.0
Transmutations | |  2.2

Action                     |  1- 3 |  4- 6 |  7- 9 || total
---------------------------+-------+-------+-------++-------
  Melee: Unarmed           |    53 |    84 |   145 ||   282
         Tentacles         |    18 |    19 |    33 ||    70
         Constrict         |    13 |    23 |    27 ||    63
         Punch             |     1 |     2 |     8 ||    11
  Evoke: Wand              |       |       |     4 ||     4
    Use: Potion            |       |     1 |     4 ||     5
   Stab: Sleeping          |     4 |     4 |    13 ||    21
         Distracted        |       |     1 |     1 ||     2
 Armour: Skin              |     6 |     3 |    10 ||    19
  Dodge: Dodged            |    23 |    46 |    98 ||   167

Table legend: (Time is in decaauts)
 A = Elapsed time spent in this place.
 B = Non-inter-level travel time spent in this place.
 C = Inter-level travel time spent in this place.
 D = Time resting spent in this place.
 E = Time spent auto-exploring this place.
 F = Levels seen in this place.
 G = Mean time per level.
                   A        B        C        D        E       F      G
               +--------+--------+--------+--------+--------+-----+--------+
         Total |   4333 |   4045 |    288 |     11 |   3216 |   8 |  541.6 |
       Dungeon |   4147 |   3867 |    280 |     11 |   3088 |   6 |  691.2 |
        Temple |     15 |      7 |      8 |      0 |      0 |   1 |   15.0 |
         Sewer |    171 |    171 |      0 |      0 |    128 |   1 |  171.0 |
               +--------+--------+--------+--------+--------+-----+--------+

Top non-repeatable levels by time:
     D:5: 1124 daAuts
     D:6: 657 daAuts
     D:2: 646 daAuts
     D:1: 635 daAuts
     D:4: 609 daAuts
     D:3: 474 daAuts
   Sewer: 171 daAuts
  Temple: 15 daAuts
